 Dungeon Crawl Stone Soup version 0.29.1-2-gbd0b4ee654 (webtiles) character file.

Game seed: 3657319238450984433

12 wingedge the Stinger (level 2, 0/19 HPs)
             Began as a Human Wanderer on Oct 31, 2022.
             Slain by a goblin
             ... wielding a +0 club
              (4 damage)
             ... on level 1 of the Dungeon.
             The game lasted 00:03:17 (597 turns).

wingedge the Stinger (Human Wanderer)                Turns: 597, Time: 00:03:17

Health: 0/19       AC:  0    Str:  9    XL:     2   Next: 45%
Magic:  0/5        EV: 11    Int: 16    God:
Gold:   40         SH:  0    Dex: 11    Spells: 4/5 levels left

rFire   . . .      SeeInvis .   f - staff of poison
rCold   . . .      Faith    .   (no shield)
rNeg    . . .      Spirit   .   (no body armour)
rPois   +          Reflect  .   (no helmet)
rElec   .          Harm     .   (no cloak)
rCorr   .          Rampage  .   (no gloves)
Will    .....                   (no boots)
Stlth   ++........              (no amulet)
HPRegen 0.06/turn               (no ring)
MPRegen 0.09/turn               (no ring)

@: very slightly contaminated
A: no striking features
a: no special abilities


You were on level 1 of the Dungeon.
You visited 1 branch of the dungeon, and saw 1 of its levels.

You collected 40 gold pieces.

Inventory:

Hand Weapons
 a - a +0 dagger
Magical Staves
 f - a staff of poison (weapon)
Scrolls
 c - a scroll of magic mapping {unknown}
 d - 2 scrolls of vulnerability {unknown}
Potions
 e - a potion of haste {unknown}
 g - a potion of cancellation {unknown}


   Skills:
 - Level 2.0 Armour
 - Level 1.0 Dodging
 - Level 2.0 Stealth
 - Level 2.0 Spellcasting
 - Level 1.4 Translocations
 + Level 1.1 Transmutations
 - Level 2.0 Poison Magic


You had 4 spell levels left.
You knew the following spells:

 Your Spells              Type           Power      Damage    Failure   Level
a - Sting                 Tmut/Pois      40%        1d5       11%         1

Your spell library contained the following spells:

 Spells                   Type           Power      Damage    Failure   Level
 Apportation              Tloc           12%        N/A       12%         1
 Spider Form              Tmut/Pois      10%        N/A       32%         3
 Gell's Gravitas          Tloc           6%         N/A       34%         3
 Mephitic Cloud           Conj/Pois/Air  5%         N/A       43%         3


Dungeon Overview and Level Annotations

Branches:
Dungeon (1/15)

Altars:


Message History

Aiming: Sting (safe; 11% risk of failure)
Press: ? - help, Shift-Dir - straight line, f/p - hobgoblin
Aim: a hobgoblin (very poisoned, 68% to hit)
You feel a surge of power!
The sting hits the hobgoblin.
The hobgoblin looks even sicker.
The hobgoblin is almost dead.
You kill the hobgoblin!
You start resting.
A goblin comes into view. It is wielding a +0 club.
Casting: Sting (safe; 11% risk of failure)
Confirm with . or Enter, or press ? or * to list all spells.
Aiming: Sting (safe; 11% risk of failure)
Press: ? - help, Shift-Dir - straight line, f - goblin
Aim: a goblin, wielding a +0 club (64% to hit)
You feel a surge of power!
You miscast Sting.
Nothing appears to happen.
You closely miss the goblin. The goblin barely misses you. x2
You closely miss the goblin. The goblin hits you with a +0 club.
A rat comes into view.
Casting: Sting (safe; 11% risk of failure)
Confirm with . or Enter, or press ? or * to list all spells.
Aiming: Sting (safe; 11% risk of failure)
Press: ? - help, Shift-Dir - straight line, f/p - goblin
Aim: a goblin, wielding a +0 club (64% to hit)
You feel a surge of power!
You miscast Sting.
Nothing appears to happen.
The goblin barely misses you.
Unknown command.
You barely miss the goblin. The goblin hits you with a +0 club.
You barely miss the goblin. The goblin hits you with a +0 club.
* * * LOW HITPOINT WARNING * * *
The rat misses you.
You feel better. The goblin barely misses you. The rat bites you.
You hit the goblin but do no damage. The goblin barely misses you.
The rat closely misses you.
You barely miss the goblin. The goblin barely misses you. The rat bites you.
The goblin barely misses you. The rat closely misses you.
You miss the goblin. The goblin hits you with a +0 club.
* * * LOW HITPOINT WARNING * * *
The rat closely misses you.
You closely miss the goblin. The goblin hits you with a +0 club.
You die...

##### .
#...# #
###.# # #.#
# ###.# #
#...# #
###.###
#### . #
#...# ...#
....#.#..##
#..#
#....g@.#
#'##
#..#.r..#
#.##
##...####
8.8# #.##
#.## #.
#.## # 8.8#
#.## #.##


You could see a goblin and a rat.

Vanquished Creatures
  An endoplasm (D:1)
  A giant cockroach (D:1)
  2 goblins (D:1)
  3 hobgoblins (D:1)
  A kobold (D:1)
  2 frilled lizards (D:1)
10 creatures vanquished.

Notes
Turn   | Place    | Note
-------+----------+-------------------------------------------
     0 | D:1      | wingedge the Human Wanderer began the quest for the Orb.
     0 | D:1      | wingedge set off with the following items: a +0 dagger, a
                  | potion of curing, a +0 scale mail; and the following spells
                  | available to memorise: Apportation, Sting, Gell's Gravitas,
                  | Spider Form, Mephitic Cloud.
     0 | D:1      | Reached XP level 1. HP: 13/13 MP: 3/3
     7 | D:1      | Learned a level 1 spell: Sting
   311 | D:1      | Reached XP level 2. HP: 18/19 MP: 0/5
   409 | D:1      | Reached skill level 1 in Transmutations
   597 | D:1      | Slain by a goblin

Illustrated notes

Levels and vault maps discovered:
D:1:      dpeg_arrival_rhombi, layout_loops_ring,
          shapermc_ecumenical_altar_flowoftime, dk_noncrumbling_2,
          minmay_quantized

Skill      XL: |  1  2 |
---------------+-------+-----
Transmutations | 1 |  1.1
Armour         | |  2.0
Dodging        | |  1.0
Stealth        | |  2.0
Spellcasting   | |  2.0
Translocations | |  1.4
Poison Magic   | |  2.0

Action                   || total
-------------------------++-------
Melee: Spear             ||     2
       Staff             ||     9
Throw: Stone             ||     5
 Cast: Sting             ||    23
  Use: Potion            ||     1
Dodge: Dodged            ||    15
